 Dungeon Crawl Stone Soup version 0.26.0-10-g1f06aea511 (webtiles) character file.

Game seed: 8790122167927986019

103361 Goblin1989 the Slinger (level 15, -11/120 HPs)
             Began as a Demonspawn Delver on Jan 17, 2021.
             Was a Follower of Uskayaw.
             Blown up by an orb spider (57 damage)
             ... with an orb of destruction
             ... on level 1 of the Spider Nest.
             The game lasted 01:23:37 (32545 turns).

Goblin1989 the Slinger (Demonspawn Delver)         Turns: 32545, Time: 01:23:38

Health: -11/120    AC: 16    Str: 24    XL:     15   Next: 88%
Magic:  40/40      EV: 17    Int: 14    God:    Uskayaw [*.....]
Gold:   1932       SH:  0    Dex: 16    Spells: 18/24 levels left

rFire    . . .     SeeInvis .   a - +8 hunting sling "Wejoir" {speed, MP+9 Dex+2}
rCold    + . .     Faith    .   i - +0 buckler
rNeg     . . .     Spirit   .   m - +2 scale mail of the Other World {Str+3}
rPois    +         Reflect  +   (helmet unavailable)
rElec    .         Harm     .   t - +2 cloak
rCorr    .         Rampage  .   y - +1 pair of gloves "Vim Jadi" {rC+ Str+4}
Will     +++..                  (no boots)
Stlth    ..........             F - amulet of reflection
HPRegen  0.30/turn              o - ring of poison resistance
MPRegen  0.27/turn              k - ring "Kiuhaz" {Will++ MP+9}

@: confused, marked
A: claws 1, hooves 2, horns 3, demonic guardian 2
a: Renounce Religion, Stomp


You were on level 1 of the Spider Nest.
You worshipped Uskayaw.
Uskayaw was noncommittal.
You visited 4 branches of the dungeon, and saw 24 of its levels.
You also visited: Gauntlet and Ice Cave.

You collected 2768 gold pieces.
You spent 836 gold pieces at shops.

Inventory:

Hand Weapons
 a - the +8 hunting sling "Wejoir" (weapon) {speed, MP+9 Dex+2}
   (You took it off an orc on level 5 of the Dungeon)

   Attacks with this weapon are significantly faster.
   It affects your dexterity (+2).
   It affects your magic capacity (+9).
Missiles
 D - 154 sling bullets
 X - 207 stones (quivered ammo) {@Q3}
 Z - 2 throwing nets {!d , @Q1}
Armour
 b - a +0 kite shield
 d - a +0 troll leather armour
 i - a +0 buckler (worn)
 m - the +2 scale mail of the Other World (worn) {Str+3}
   (You found it on level 12 of the Dungeon)

   It affects your strength (+3).
 t - a +2 cloak (worn)
 y - the +1 pair of gloves "Vim Jadi" (worn) {rC+ Str+4}
   (You found it in a Gauntlet)

   It affects your strength (+4).
   It protects you from cold.
Jewellery
 e - the ring "Usyjash" {rF+ Dex+4 Stlth+}
   (You found it in a Gauntlet)

   [ring of stealth]

   It affects your dexterity (+4).
   It protects you from fire.
   It makes you more stealthy.
 f - an uncursed ring of protection from fire
 h - an uncursed ring of positive energy
 k - the ring "Kiuhaz" (right hand) {Will++ MP+9}
   (You took it off a minotaur in a Gauntlet)

   [ring of magical power]

   It affects your willpower, your defense against some magical effects.
   It affects your magic capacity (+9).
 o - a ring of poison resistance (left hand)
 r - an uncursed amulet of regeneration
 s - an uncursed ring of see invisible
 F - an amulet of reflection (around neck)
 L - the amulet of the Air {Inacc +Fly rElec EV+5 RMsl}
   (You found it in a Gauntlet)

   [amulet of inaccuracy]

   It reduces the accuracy of all your attacks.
   It affects your evasion (+5).
   It insulates you from electricity.
   It lets you fly.
   It protects you from missiles.
 O - an uncursed ring of wizardry
Wands
 g - a wand of digging (10) {@v1}
 j - a wand of iceblast (18) {@v4}
 l - a wand of acid (10) {@v2}
 K - a wand of paralysis (10) {@v7}
Scrolls
 c - 3 scrolls of fog
 w - a scroll of fear
 z - 3 scrolls of enchant weapon
 B - a scroll of blinking
 E - 4 scrolls of amnesia
 G - 2 scrolls of summoning
 H - 5 scrolls of enchant armour
 M - 2 scrolls of magic mapping
 P - a scroll of acquirement
 Q - 11 scrolls of remove curse {@r3}
 R - 13 scrolls of identify {@r1}
 T - 11 scrolls of teleportation {!r, @r2}
 W - 5 scrolls of immolation
Potions
 n - a potion of resistance {@q6}
 p - 2 potions of invisibility
 q - 6 potions of might {@q4}
 u - 4 potions of haste {@q3,}
 v - 2 potions of magic
 x - 4 potions of lignification
 A - 7 potions of attraction
 C - 3 potions of mutation {!q}
 J - 4 potions of cancellation
 N - 4 potions of brilliance
 S - 5 potions of curing {@q1}
 U - 3 potions of flight
 V - 2 potions of ambrosia
 Y - 2 potions of heal wounds {@q2}
Miscellaneous
 I - a condenser vane (inert)


   Skills:
 + Level 11.7 Fighting
 - Level 3.0 Short Blades
 - Level 12.0 Slings
 - Level 10.0 Armour
 + Level 10.5 Dodging
 - Level 6.0 Stealth
 - Level 4.0 Shields
 + Level 8.6 Unarmed Combat
 + Level 5.2 Spellcasting
 * Level 7.5 Transmutations
 * Level 7.5 Earth Magic
 - Level 6.0 Invocations


You had 18 spell levels left.
You knew the following spells:

 Your Spells              Type           Power        Failure   Level
Y - Statue Form           Tmut/Erth      16%          94%         6

Your spell library contained the following spells:

 Spells                   Type           Power        Failure   Level
 Petrify                  Tmut/Erth      24%          16%         4
 Animate Skeleton         Necr           6%           34%         1
 Magic Dart               Conj           12%          34%         1
 Pain                     Necr           12%          34%         1
 Summon Small Mammal      Summ           12%          34%         1
 Ignite Poison            Fire/Tmut/Pois 10%          36%         3
 Call Imp                 Summ           3%           47%         2
 Searing Ray              Conj           6%           47%         2
 Leda's Liquefaction      Hex/Erth       7%           58%         4
 Call Canine Familiar     Summ           3%           71%         3
 Confusing Touch          Hex            3%           71%         3
 Conjure Flame            Conj/Fire      3%           71%         3
 Dazzling Flash           Conj/Hex       6%           71%         3
 Gell's Gravitas          Tloc           1%           71%         3
 Summon Guardian Golem    Hex/Summ       3%           71%         3
 Vampiric Draining        Necr           1%           71%         3
 Irradiate                Conj/Tmut      7%           91%         5
 Yara's Violent Unravell  Hex/Tmut       7%           91%         5
 Hydra Form               Tmut           12%          94%         6
 Animate Dead             Necr           1%           98%         4
 Fulminant Prism          Conj/Hex       1%           98%         4
 Iskenderun's Mystic Bla  Conj/Tloc      3%           98%         4
 Summon Ice Beast         Ice/Summ       3%           98%         4
 Summon Lightning Spire   Summ/Air       3%           98%         4
 Agony                    Necr           3%           100%        5
 Metabolic Englaciation   Hex/Ice        1%           100%        5
 Summon Forest            Summ/Tloc      1%           100%        5
 Invisibility             Hex            3%           100%        6
 Iron Shot                Conj/Erth      7%           100%        6
 Dragon Form              Tmut           12%          100%        7
 Chain Lightning          Conj/Air       1%           100%        8
 Lehudib's Crystal Spear  Conj/Erth      7%           100%        8
 Absolute Zero            Ice            1%           100%        9
 Fire Storm               Conj/Fire      1%           100%        9


Dungeon Overview and Level Annotations

Branches:
Dungeon (15/15)            Temple (0/1) D:6            Lair (6/6) D:10
 Shoals (0/4) Lair:3       Spider (1/4) Lair:3        Slime (0/5) Lair:5
    Orc (2/2) D:11            Elf (0/3) Orc:2        Vaults (0/5) D:14
 Depths (0/5) D:15          IceCv (visited)         Gauntlet (visited)

Altars:
Elyvilon
Fedhas
Gozag
Kikubaaqudgha
Makhleb
Ru
Trog
Uskayaw
Zin
The Shining One
Beogh

Shops:
D:5 (   D:9 !   D:14 ?   Orc:2 [*(=

Annotations:
D:3 exclusion: oklob plant
D:4 exclusions: orc priest and upstairs
D:6 exclusion: moth of wrath
Lair:1 exclusion: oklob plant
Lair:5 1 runed translucent door
Spider:1 Agnes
Orc:2 !


Innate Abilities, Weirdness & Mutations

You have sharp fingernails.
You have hoof-like feet.
You have a pair of large horns on your head.
A demonic guardian rushes to your aid.


Message History

The wolf spider hits you!
* * * LOW HITPOINT WARNING * * *
The wolf spider bites you but does no damage.
There is a crawl-hole back to the Lair, spattered with blood here.
You take 45 damage, and have 22/120 hp.
MASSIVE DAMAGE!!
Blink to where?
Press: ? - help, Dir - move target, p - Agnes
As you read the scroll of blinking, it crumbles to dust.
You can no longer pass through a line of other dancers.
You feel much better.
You regained 17 hp, and now have 39/120 hp.
Really read
T - 12 scrolls of teleportation {!r, @r2}?
As you read the scroll of teleportation {!r, @r2}, it crumbles to dust.
You feel strangely unstable.
Okay, then.
Evoke which item? (* to show all) (? for menu, Esc to quit)
Okay, then.
Evoke which item? (* to show all) (? for menu, Esc to quit)
Clouds of noxious fumes condense around you!
The condenser dries out!
Agnes is engulfed in noxious fumes.
Agnes appears confused.
The wolf spider is engulfed in noxious fumes.
The wolf spider appears confused.
The redback is engulfed in noxious fumes.
The redback appears confused.
The redback closely misses something.
The redback bites itself!
Agnes is engulfed in noxious fumes.
The wolf spider is engulfed in noxious fumes.
The wolf spider appears confused.
What are your orders? t - Shout!
Orders for allies: a - Attack new target. r - Retreat! s - Stop attacking. g - Guard the area. f - Follow me.
Anything else - Cancel.
Gang up on whom?
Press: ? - help, Dir - move target, f - Agnes
Aim: Agnes, wielding a +1 spectral lajatang and wearing a +0 robe (moderately wounded, confused) Attack!
Your surroundings suddenly seem different.
The jumping spider leaps!
The orb spider begins to weave its threads into a brightly glowing ball.
Your smoke demon gestures at Agnes.
The ball of steam hits Agnes!
The wolf spider is engulfed in noxious fumes.
The wolf spider appears confused.
Agnes is engulfed in a cloud of scalding steam.
Found 28 gold pieces.
The redback is engulfed in noxious fumes.
The wolf spider is engulfed in noxious fumes.
Agnes is engulfed in noxious fumes.
Agnes appears confused.
The orb spider weaves a glowing orb of energy.
The redback bites the orb spider!
An orb of destruction comes into view.
What are your orders? t - Shout!
Orders for allies: a - Attack new target. r - Retreat! s - Stop attacking. g - Guard the area. f - Follow me.
Anything else - Cancel.
Okay, then.
Okay, then.
You feel much better.
The spectral weapon passes through a web.
Your smoke demon hits the wolf spider!
Your smoke demon barely misses the wolf spider.
Your smoke demon hits the wolf spider.
The orb spider barely misses your smoke demon.
Agnes hits something with a +1 spectral lajatang!
The spectral weapon sets off the alarm!
The alarm trap emits a blaring wail!
A sentinel's mark forms upon you.
The jumping spider leaps!
You hear an angry hiss. x4; You hear a hideous shriek!
You hear an angry hiss. x4
You regained 26 hp, and now have 67/120 hp.
Fire: 208 stones {@Q3}
Press: ? - help, Q - select action, (/) - cycle Shift-Dir - straight line, f/p - Agnes
Aim: Agnes, wielding a +1 spectral lajatang and wearing a +0 robe (heavily wounded, confused)
You shoot a stone {@Q3}. The stone {@Q3} closely misses Agnes.
The orb of destruction hits you!!!
* * * LOW HITPOINT WARNING * * *
The wolf spider barely misses your smoke demon.
The wolf spider bites your smoke demon!
Agnes is caught in a web!
The orb spider spins a strand of pure energy.
The orb spider weaves a glowing orb of energy.
An orb of destruction comes into view.
You take 37 damage, and have 30/120 hp.
MASSIVE DAMAGE!!
Blink to where?
Press: ? - help, Dir - move target, p - Agnes
As you read the scroll of blinking, it crumbles to dust.
The jumping spider leaps!
The orb of destruction moves out of view.
Found a scorched short sword.
You are confused.
You feel invigorated.
You regained 4 hp, and now have 34/120 hp.
The jumping spider leaps!
You regained 4 hp, and now have 38/120 hp.
You regained 4 hp, and now have 42/120 hp.
The orb of destruction hits you!!!
You die...

█. ... ... .. ...█..
..██... ...... ..≈█..█
....█.█..(.....
.............(█
.)..^..$....((█
....█.........█.....^█
..............@...((█
.............○☼..(.(█████
..^........█°...(((██ .≈█
█......█...°○...(...██..█≈█
....................█..≈≈≈█
.....█...°............█
.....^.....s.........██
...........s..█....°███
.........*°.........^.█


You could see 2 orb spiders.

Vanquished Creatures
  An orc warlord (D:11)
  A minotaur (Gauntlet)
  Snorg (D:13)
  Harold (D:7)
  Josephine (D:12)
  An ice dragon (D:15)
  3 boulder beetles
  5 hydras
  A vault guard (D:14)
  3 catoblepae (Lair:6)
  A centaur warrior (D:14)
  2 ogre magi (D:15)
  14 death yaks
  A tengu warrior (D:13)
  4 two-headed ogres
  2 orc high priests (Orc:2)
  Urug (D:13)
  A soul eater (Gauntlet)
  3 skeletal warriors (D:15)
  3 wizards
  A glowing orange brain (Gauntlet)
  2 necromancers
  An orb spider (Lair:3)
  3 orc knights (Orc:2)
  2 ugly things
  2 wolf spiders
  An orc sorcerer (Orc:1)
  3 deep elf magi
  A cyclops (D:14)
  A manticore (Lair:6)
  3 black mambas
  3 elephants
  2 ice statues
  A gargoyle (D:15)
  2 torpor snails
  14 cane toads
  6 komodo dragons
  2 kobold demonologists (D:12)
  An efreet (D:15)
  4 rime drakes
  3 trolls
  2 hornets
  5 polar bears
  A tyrant leech (Gauntlet)
  Prince Ribbit (D:7)
  2 jumping spiders (Lair:3)
  23 blink frogs
  10 dream sheep
  A redback (Lair:3)
  2 shadows (D:13)
  A tarantella (Spider:1)
  67 yaks
  5 wraiths
  A vampire (D:14)
  13 humans (D:14)
  7 wyverns
  Grum (D:10)
  4 basilisks
  6 wargs
  17 water moccasins
  Edmund (D:6)
  4 swamp worms (Gauntlet)
  An acid dragon (D:15)
  Duvessa (D:7)
  A meliai simulacrum (D:14)
  11 ice beasts
  32 orc warriors
  3 black bears
  2 sky beasts
  A hornet zombie (D:10)
  A necrophage (D:13)
  11 ogres
  2 centaurs
  15 wolves
  5 big kobolds
  17 bullfrogs
  Dowan (D:7)
  A wyvern skeleton (D:13)
  4 scorpions
  17 wights
  An electric eel (Lair:3)
  A howler monkey (D:6)
  5 jellies
  5 centaur zombies
  4 bullfrog skeletons
  7 hounds
  18 orc wizards
  14 orc priests
  5 iguanas
  A centaur skeleton (D:2)
  Terence (D:2)
  7 worker ants
  A killer bee zombie (D:10)
  A hound skeleton (D:4)
  2 worker ant zombies
  19 adders
  7 gnolls
  4 shadow imps
  3 white imps
  An ooze (D:1)
  An adder skeleton (D:8)
  2 worms
  4 leopard geckos
  75 orcs
  7 giant cockroaches
  11 goblins
  3 hobgoblins
  5 jackals
  12 kobolds
  7 quokkas
  A ball python (D:1)
  4 bats
  5 frilled lizards
  A giant cockroach zombie (D:5)
  A leopard gecko skeleton (D:5)
  A quokka skeleton (D:5)
  A rat (D:2)
  A butterfly (Lair:6)
657 creatures vanquished.

Vanquished Creatures (collateral kills)
  An ettin (Orc:2)
  2 boulder beetles
  A vault guard (D:14)
  3 two-headed ogres (D:15)
  11 death yaks
  An orc high priest (Orc:2)
  A skeletal warrior (D:15)
  An unseen horror (D:15)
  A glowing orange brain (Gauntlet)
  A wizard (D:14)
  An orc knight (Orc:1)
  An orc sorcerer (D:15)
  A deep elf mage (D:15)
  2 ugly things
  A manticore (Lair:6)
  An ice statue (IceCv)
  Maurice (D:8)
  3 elephants
  A black mamba (Lair:6)
  A cane toad (Lair:2)
  A troll (Orc:1)
  A polar bear (Lair:6)
  A blink frog (Lair:2)
  2 dream sheep (Lair:6)
  A meliai zombie (D:15)
  A wraith (D:12)
  8 yaks
  4 humans (D:14)
  A warg (Orc:2)
  Menkaure (D:4)
  2 water moccasins
  3 orc warriors (Orc:2)
  A phantom (D:4)
  An ogre (D:5)
  2 wolves
  2 wights (D:6)
  A jelly (D:6)
  An orc wizard (Orc:2)
  3 gnolls (D:3)
  An adder skeleton (D:7)
  3 orcs
77 creatures vanquished.

Vanquished Creatures (others)
  A tarantella (Spider:1)
  52 fungi
  75 plants
  4 withered plants (D:2)
132 creatures vanquished.

Grand Total: 866 creatures vanquished

Notes
Turn   | Place    | Note
-------+----------+-------------------------------------------
     0 | D:5      | Goblin1989 the Demonspawn Delver began the quest for the
                  | Orb.
     0 | D:5      | Reached XP level 1. HP: 18/18 MP: 1/1
   159 | D:5      | Identified the +8 hunting sling "Wejoir" {speed, MP+9
                  | Dex+2}
   224 | D:5      | Gained mutation: You have sharp fingernails. [demonic
                  | ancestry]
   224 | D:5      | Reached XP level 2. HP: 16/24 MP: 2/2
   349 | D:5      | Noticed a centaur
   365 | D:5      | Found a burning altar of Makhleb.
   414 | D:5      | Noticed a scorpion
   591 | D:4      | Reached skill level 1 in Unarmed Combat
   591 | D:4      | Gained mutation: A weak demonic guardian rushes to your
                  | aid. [demonic ancestry]
   591 | D:4      | Reached XP level 3. HP: 10/29 MP: 3/3
   847 | D:4      | Reached skill level 5 in Stealth
  1015 | D:4      | Noticed Menkaure
  1337 | D:4      | Noticed a +0 hand axe
  1338 | D:4      | Found a hide-covered altar of Uskayaw.
  1338 | D:4      | Noticed a +0 hand axe
  1380 | D:4      | Became a worshipper of Uskayaw the Reveller
  1413 | D:3      | Noticed Terence
  1614 | D:2      | Reached * piety under Uskayaw
  1615 | D:2      | Gained mutation: You have large cloven feet. [demonic
                  | ancestry]
  1615 | D:2      | Reached XP level 4. HP: 33/35 MP: 4/4
  2365 | D:2      | Found an ancient bone altar of Kikubaaqudgha.
  2472 | D:2      | Found a faded altar of an unknown god.
  2513 | D:2      | Reached ** piety under Uskayaw
  2869 | D:2      | Found a blossoming altar of Fedhas.
  3134 | D:2      | Gained mutation: A demonic guardian rushes to your aid.
                  | [demonic ancestry]
  3134 | D:2      | Reached XP level 5. HP: 34/41 MP: 5/5
  3396 | D:2      | Killed Terence
  4618 | D:3      | Found a glowing silver altar of Zin.
  4619 | D:3      | Noticed an angel
  5427 | D:3      | Reached skill level 1 in Invocations
  5431 | D:3      | Found a blossoming altar of Fedhas.
  5443 | D:3      | Noticed an oklob plant
  5612 | D:3      | Reached XP level 6. HP: 35/47 MP: 6/6
  6128 | D:4      | Killed Menkaure
  6313 | D:5      | Reached *** piety under Uskayaw
  6314 | D:5      | Gained mutation: You have a pair of small horns on your
                  | head. [demonic ancestry]
  6314 | D:5      | Reached XP level 7. HP: 52/52 MP: 9/9
  6635 | D:5      | Found a bloodstained altar of Trog.
  6644 | D:5      | Reached skill level 1 in Slings
  6644 | D:5      | Reached **** piety under Uskayaw
  6652 | D:5      | Reached ***** piety under Uskayaw
  6657 | D:5      | Reached skill level 5 in Unarmed Combat
  6903 | D:5      | Found a white marble altar of Elyvilon.
  7014 | D:5      | Reached skill level 2 in Slings
  7146 | D:5      | Found Topruf's Weapon Shoppe.
  7206 | D:5      | Found a sacrificial altar of Ru.
  7302 | D:6      | Reached skill level 5 in Invocations
  7379 | D:6      | Reached skill level 3 in Slings
  7379 | D:6      | Gained mutation: You have a pair of horns on your head.
                  | [demonic ancestry]
  7379 | D:6      | Reached XP level 8. HP: 50/58 MP: 11/11
  7453 | D:6      | Reached skill level 4 in Slings
  7482 | D:6      | Found a staircase to the Ecumenical Temple.
  7540 | D:6      | Reached skill level 5 in Slings
  7562 | D:6      | Identified the Compendium of the Mountains
  7579 | D:6      | Found a glowing golden altar of the Shining One.
  7604 | D:6      | Noticed Edmund
  7625 | D:6      | Killed Edmund
  7626 | D:6      | Reached skill level 6 in Slings
  7922 | D:6      | Reached skill level 7 in Slings
  7943 | D:6      | Noticed a moth of wrath
  8026 | D:7      | Noticed Duvessa
  8026 | D:7      | Noticed Dowan
  8041 | D:7      | Noticed Prince Ribbit
  8062 | D:7      | Noticed Harold
  8120 | D:7      | Killed Harold
  8121 | D:7      | Reached skill level 1 in Armour
  8121 | D:7      | Reached XP level 9. HP: 53/64 MP: 12/12
  8300 | D:7      | Killed Prince Ribbit
  8460 | D:7      | Killed Duvessa
  8461 | D:7      | Reached skill level 8 in Slings
  8464 | D:7      | Killed Dowan
  9359 | D:8      | Learned a level 6 spell: Statue Form
  9489 | D:8      | Noticed Maurice
  9498 | D:8      | Killed Maurice
  9976 | D:9      | Reached XP level 10. HP: 73/73 MP: 13/13
 10018 | D:9      | Found an opulent altar of Gozag.
 10045 | D:9      | Found Metox's Distillery.
 10069 | D:9      | Bought a potion of heal wounds for 65 gold pieces
 10069 | D:9      | Bought a potion of magic for 104 gold pieces
 10069 | D:9      | Bought a potion of flight for 39 gold pieces
 10069 | D:9      | Bought a potion of mutation for 104 gold pieces
 10069 | D:9      | Bought 2 potions of might for 104 gold pieces
 10150 | D:9      | Reached skill level 5 in Fighting
 10314 | D:9      | Reached skill level 9 in Slings
 10861 | D:10     | Entered Level 10 of the Dungeon
 11282 | D:10     | Noticed Grum
 11306 | D:10     | Killed Grum
 11396 | D:10     | Found a staircase to the Lair.
 11404 | D:10     | Noticed a death yak
 11420 | D:10     | Killed a death yak
 11421 | D:10     | Reached skill level 5 in Dodging
 11657 | D:10     | Reached skill level 10 in Slings
 12109 | D:11     | Found a frozen archway.
 12138 | IceCv    | Entered an ice cave
 12138 | IceCv    | Noticed a white ugly thing
 12156 | IceCv    | Killed a white ugly thing
 12157 | IceCv    | Reached skill level 5 in Armour
 12157 | IceCv    | Gained mutation: You have hoof-like feet. [demonic
                  | ancestry]
 12157 | IceCv    | Reached XP level 11. HP: 57/83 MP: 14/14
 12291 | IceCv    | Found a transporter.
 12295 | IceCv    | Identified the Guide on Dislocated Earth
 12310 | IceCv    | Noticed a white ugly thing
 12325 | IceCv    | Killed a white ugly thing
 12500 | IceCv    | Found a transporter.
 12835 | D:11     | Noticed a two-headed ogre
 12845 | D:11     | Killed a two-headed ogre
 13059 | D:11     | Found a staircase to the Orcish Mines.
 14256 | D:12     | Identified the Volume of the Captivating Blaze
 14301 | D:12     | Got a polished scale mail
 14317 | D:12     | Noticed Josephine
 14337 | D:12     | Killed Josephine
 14338 | D:12     | Reached skill level 11 in Slings
 14338 | D:12     | Reached skill level 1 in Shields
 14340 | D:12     | Noticed a soul eater
 14350 | D:12     | Noticed a sun demon
 14963 | Lair:1   | Entered Level 1 of the Lair of Beasts
 15205 | Lair:1   | Noticed an oklob plant
 15257 | Lair:1   | Reached ****** piety under Uskayaw
 15413 | Lair:1   | Noticed a six-headed hydra
 15426 | Lair:1   | Reached XP level 12. HP: 81/92 MP: 15/15
 15430 | Lair:1   | Killed a six-headed hydra
 15606 | Lair:1   | Noticed a five-headed hydra
 15615 | Lair:1   | Killed a five-headed hydra
 15626 | Lair:1   | Identified the +2 scale mail of the Other World {Str+3}
                  | (You found it on level 12 of the Dungeon)
 16250 | Lair:2   | Noticed a six-headed hydra
 16260 | Lair:2   | Killed a six-headed hydra
 16420 | Lair:2   | Reached skill level 12 in Slings
 17168 | Lair:3   | Reached XP level 13. HP: 101/101 MP: 16/16
 17332 | Lair:3   | Found a hole to the Spider Nest.
 18196 | Lair:3   | Found a staircase to the Shoals.
 18535 | Lair:4   | Reached skill level 10 in Fighting
 19560 | Lair:5   | Found a staircase to the Slime Pits.
 19630 | Lair:5   | Reached skill level 1 in Transmutations
 19630 | Lair:5   | Reached skill level 1 in Earth Magic
 19695 | Lair:5   | Reached skill level 1 in Spellcasting
 19853 | Lair:5   | Found a runed translucent door.
 20149 | Lair:6   | Entered Level 6 of the Lair of Beasts
 20333 | Lair:6   | Gained mutation: You have a pair of large horns on your
                  | head. [demonic ancestry]
 20333 | Lair:6   | Reached XP level 14. HP: 111/111 MP: 17/17
 22238 | Lair:6   | Got a scorched glaive
 22510 | Orc:1    | Entered Level 1 of the Orcish Mines
 22820 | Orc:2    | Entered Level 2 of the Orcish Mines
 22820 | Orc:2    | Found Alo Wuho's Antique Weapon Shop.
 22826 | Orc:2    | Noticed an orc warlord
 23277 | D:11     | Killed an orc warlord
 23278 | D:11     | Reached skill level 5 in Transmutations
 23278 | D:11     | Reached skill level 5 in Earth Magic
 23711 | Orc:2    | HP: 1/113 [orc knight/+0 halberd (8)]
 24250 | Orc:2    | Found Wiuvoh's Jewellery Shoppe.
 24295 | Orc:2    | Found a staircase to the Elven Halls.
 24734 | Orc:2    | Found Xomen's Antique Armour Shoppe.
 24972 | Orc:2    | Found Vynups Bauhi's General Store.
 24987 | Orc:2    | Found a roughly hewn altar of Beogh.
 25901 | D:13     | Noticed Urug
 25913 | D:13     | Killed Urug
 26042 | D:13     | Reached skill level 10 in Dodging
 26042 | D:13     | Reached XP level 15. HP: 118/118 MP: 20/20
 26359 | D:13     | Noticed Snorg
 26373 | D:13     | Killed Snorg
 26876 | D:14     | Found Moywn's Magic Scroll Shop.
 26902 | D:14     | Found a gate leading to a gauntlet.
 26910 | Gauntlet | Entered a Gauntlet
 26910 | Gauntlet | Found a transporter.
 26910 | Gauntlet | Found a runed translucent door.
 26917 | Gauntlet | Found a runed translucent door.
 26919 | Gauntlet | Found a transporter.
 26922 | Gauntlet | Found a transporter.
 26923 | Gauntlet | Found a transporter.
 26931 | Gauntlet | Found a transporter.
 26934 | Gauntlet | Found a transporter.
 26935 | Gauntlet | Found a transporter.
 26946 | Gauntlet | Found a transporter.
 26947 | Gauntlet | Found a transporter.
 26955 | Gauntlet | Found a transporter.
 26958 | Gauntlet | Found a transporter.
 26959 | Gauntlet | Found a transporter.
 26970 | Gauntlet | Found a transporter.
 27005 | Gauntlet | Found a transporter.
 27008 | Gauntlet | Found the amulet of the Air {Inacc +Fly rElec EV+5 RMsl}
 27296 | Gauntlet | Got a smoking wooden ring
 27298 | Gauntlet | Identified the ring "Usyjash" {rF+ Dex+4 Stlth+} (You found
                  | it in a Gauntlet)
 27831 | Gauntlet | Identified a scroll of acquirement
 27851 | Gauntlet | Reached skill level 10 in Armour
 28337 | Gauntlet | Identified the ring "Kiuhaz" {Will++ MP+9}
 28388 | Gauntlet | Got a pair of heavily runed gloves
 28399 | Gauntlet | Identified the +1 pair of gloves "Vim Jadi" {rC+ Str+4}
                  | (You found it in a Gauntlet)
 29038 | D:14     | Bought a scroll of summoning for 180 gold pieces
 29311 | D:14     | Found a gate to the Vaults.
 29999 | D:15     | Entered Level 15 of the Dungeon
 31260 | D:15     | Reached skill level 5 in Spellcasting
 31615 | D:15     | Found a staircase to the Depths.
 32057 | Orc:2    | Bought an uncursed ring of poison resistance for 240 gold
                  | pieces
 32208 | Spider:1 | Entered Level 1 of the Spider Nest
 32499 | Spider:1 | Noticed Agnes
 32545 | Spider:1 | Blown up by an orb spider

Illustrated notes

Levels and vault maps discovered:
D:1:      tarquinn_simple_flora_water_b, layout_rooms, bh_walls_and_bars
D:2:      layout_loops_corners, nicolae_overflow_hidden_temple,
          kiku_gazebo_garden_becter, chequers_ecumenical_altar_simple_redux
D:3:      layout_loops_corners, zin_angel, hangedman_decor_diamond_cutter,
          tgw_fedhas, uniq_terence
D:4:      layout_gridville, dancing_weapons_uskayaw, grunt_decor_cap,
          st_stairs_9, uniq_menkaure
D:5:      layout_basic, elyvilon_altar_3, makhleb_heckhound_becter,
          lemuel_round_altar, serial_shops, kennysheep_little_box,
          minmay_misc_feat_four_crosses, trog_butcher_becter
D:6:      layout_rooms, tgw_trog, minmay_temple_entry_mini_moons,
          tso_metal_star, uniq_edmund
D:7:      layout_rooms, dk_noncrumbling_3, uniq_harold, uniq_duvessa,
          uniq_prince_ribbit1
D:8:      layout_cave_pods, grunt_ministairs_9, uniq_maurice
D:9:      layout_basic, grunt_gozag_statues, serial_shops, shop,
          palyth_stone_intersect
D:10:     layout_cave_pods, david_lair_generic, minivault_11, uniq_grum
D:11:     layout_long_grid, david_orc_1_choice, portal_ice_cave_entry_pillars_2
D:12:     layout_roguey, uniq_josephine
D:13:     layout_long_grid, uniq_snorg, uniq_urug
D:14:     layout_small_grid, grunt_vaults_entry_tiered, nicolae_lava_and_water,
          gauntlet_entry_generic, serial_shops, nicolae_shop_crystal
D:15:     grunt_enter_depths_magical_seal, layout_basic, grunt_ministairs_14
Lair:1:   layout_regular_city, minivault_26, minmay_lair_oklob_bushes
Lair:2:   layout_misc_corridors
Lair:3:   layout_cave_pods, elwin_shoals_entry_rooms, spider_nest_entry_a,
          infiniplex_staircase_pool_2
Lair:4:   layout_regular_city
Lair:5:   gammafunk_indiana_jones, layout_misc_corridors, slime_dummy
Lair:6:   evilmike_catoblepas_cave, layout_cave_pods, nzn_sisyphean_effort,
          lemuel_fruit_fields, grunt_megastairs_3
Spider:1: layout_spider_delve, uniq_agnes
Orc:1:    layout_caves
Orc:2:    grunt_orc_gardens, layout_caves, grunt_orc_garden, grunt_orc_garden,
          grunt_orc_garden, grunt_orc_garden, basic_altar

Skill      XL: |  1  2  3  4  5  6  7  8  9 10 11 12 13 14 15 |
---------------+----------------------------------------------+-----
Short Blades   | 2 3 |  3.0
Unarmed Combat | 1 2 3 4 5 6 7 8 |  8.6
Stealth        | 5 6 |  6.0
Invocations    | 1 2 5 6 |  6.0
Slings         | 3 7 8 10 11 12 | 12.0
Armour         | 1 3 5 6 8 9 10 | 10.0
Dodging        | 2 3 5 6 8 9 10 | 10.5
Fighting       | 4 6 7 9 10 11 | 11.7
Shields        | 2 4 |  4.0
Transmutations | 2 5 7 |  7.5
Earth Magic    | 2 5 7 |  7.5
Spellcasting   | 1 3 5 |  5.2

Action                   |  1- 3 |  4- 6 |  7- 9 | 10-12 | 13-15 || total
-------------------------+-------+-------+-------+-------+-------++-------
Melee: Short sword       |    86 |   222 |       |       |       ||   308
       Punch             |     2 |     3 |       |       |       ||     5
       Kick              |       |    42 |       |     4 |       ||    46
       Unarmed           |       |       |       |     5 |       ||     5
 Fire: Hunting sling     |       |     8 |   371 |  1038 |  2338 ||  3755
Evoke: Wand              |       |     1 |       |       |     1 ||     2
       Condenser vane    |       |       |       |       |     1 ||     1
  Use: Scroll            |     1 |     1 |     5 |     2 |    17 ||    26
       Potion            |       |     6 |       |       |     4 ||    10
 Stab: Sleeping          |     2 |     4 |       |       |       ||     6
Armor: Leather armour    |    17 |    50 |    12 |     3 |       ||    82
       Scale mail        |       |       |       |    30 |    64 ||    94
Dodge: Dodged            |    39 |   133 |    40 |    50 |   152 ||   414
Block: Other             |       |     4 |    12 |    21 |       ||    37
       Reflection        |       |       |     1 |     2 |     9 ||    12
       Buckler           |       |       |       |    21 |   152 ||   173
